 Dungeon Crawl Stone Soup version 0.26-a0-835-g8259106e14 (webtiles) character file.

Game seed: 12782341181635889142

478 2tc the Chopper (level 7, -6/52 HPs)
             Began as a Formicid Fighter on Nov 17, 2020.
             Was an Initiate of Makhleb.
             Mangled by an ogre
             ... wielding a +0 giant club
              (31 damage)
             ... on level 4 of the Dungeon.
             The game lasted 00:15:09 (4829 turns).

2tc the Chopper (Formicid Fighter)                  Turns: 4829, Time: 00:15:09

Health: -6/52      AC:  5    Str: 21    XL:     7   Next: 33%
Magic:  7/7        EV: 10    Int:  7    God:    Makhleb [......]
Gold:   196        SH:  4    Dex: 12    Spells: 6/6 levels left

rFire    . . .     SeeInvis +   p - +0 hand axe
rCold    . . .     Faith    .   i - +0 buckler
rNeg     . . .     Spirit   .   f - +0 ring mail
rPois    .         Reflect  .   (helmet unavailable)
rElec    .         Harm     .   (no cloak)
rCorr    .         Rampage  .   (no gloves)
MR       .....                  (no boots)
Stlth    +.........             (no amulet)
HPRegen  0.17/turn              n - ring of see invisible
MPRegen  0.10/turn              (no ring)

@: no status effects
A: permanent stasis, dig shafts and tunnels, four strong arms, antennae 3
a: Dig, Shaft Self, Renounce Religion


You were on level 4 of the Dungeon.
You worshipped Makhleb.
Makhleb was noncommittal.
You visited 1 branch of the dungeon, and saw 5 of its levels.

You collected 196 gold pieces.

Inventory:

Hand Weapons
 a - a +0 war axe
 p - a +0 hand axe (weapon)
Missiles
 l - 220 stones (quivered)
Armour
 b - a +0 scale mail
 c - a +0 kite shield
 f - a +0 ring mail (worn)
 i - a +0 buckler (worn)
Jewellery
 e - an uncursed ring of ice
 n - a ring of see invisible (left hand)
Wands
 h - a wand of digging (3)
 q - a wand of iceblast (4)
 r - a wand of random effects (12)
Scrolls
 k - 2 scrolls of remove curse
 m - 2 scrolls of amnesia
Potions
 d - a potion of might
 g - 2 potions of curing
 j - a potion of brilliance
 s - a potion of resistance
 t - 2 potions of heal wounds {unknown}


   Skills:
 - Level 3.2 Fighting
 * Level 7.5 Axes
 - Level 3.2 Armour
 - Level 3.6 Shields


You had 6 spell levels left.
You didn't know any spells.
Your spell library was empty.

Dungeon Overview and Level Annotations

Branches:
Dungeon (5/15)
 Temple: D:4-7

Altars:
Makhleb
Qazlal
Trog
Zin

Annotations:
D:5 Edmund


Innate Abilities, Weirdness & Mutations

You cannot be hasted, slowed, berserked, paralysed or teleported.
You can dig through walls and to a lower floor.
Your four strong arms can wield two-handed weapons with a shield.
You have a pair of large antennae on your head. (SInv)


Message History

The ogre is heavily wounded.
Edmund the Younger comes into view.
He is wielding a +5 flail of holy wrath and wearing a +0 leather armour of poison resistance.
You see here a robe.
There is a stone staircase leading up here.
You hit the ogre but do no damage.
The ogre is heavily wounded.
The ogre hits you with a +0 giant club!!
The ogre hits you with a +0 giant club!
You climb upwards.
There is a stone staircase leading down here.
You slash the ogre!
The ogre is severely wounded.
The ogre closely misses you.
You hit the ogre but do no damage.
The ogre is severely wounded.
You hit the ogre.
The ogre is almost dead.
The ogre hits you with a +0 giant club!!
Ouch! That really hurt!
You die...

#.........#####......#.
#.........# #........
#.........# ###......#.
#.........# #..........
######.........# #......####
#....'......#.####..........
##.###...##......#....#...#.
#.# #...##...........#.....
#.###...##@..........#.#.#.
#.#.'....+O..........#.....
#.#.#...##...........#.....
#.#.#...+.........#........
#.#.+...##...........#.....
#.###...#............######
#.# #...#............#.....
#.# #...#..........).#.####
#.############.......#.#...


You could see an ogre.

Vanquished Creatures
  An ogre (D:4)
  A scorpion (D:4)
  A crimson imp (D:4)
  2 hounds (D:4)
  An orc priest (D:4)
  Natasha (thrice) (D:2)
  A worker ant (D:4)
  4 adders
  An ooze (D:2)
  2 worms
  4 dart slugs
  2 leopard geckos
  5 orcs
  6 giant cockroaches
  9 goblins
  9 hobgoblins
  2 ball pythons (D:4)
  6 bats
  A frilled lizard (D:2)
  5 kobolds
  A quokka skeleton (D:4)
  6 rats
73 creatures vanquished.

Notes
Turn   | Place    | Note
-------+----------+-------------------------------------------
     0 | D:1      | 2tc the Formicid Fighter began the quest for the Orb.
     0 | D:1      | Reached XP level 1. HP: 18/18 MP: 1/1
   239 | D:1      | Reached XP level 2. HP: 24/24 MP: 2/2
   323 | D:1      | Reached skill level 3 in Axes
   507 | D:1      | Reached XP level 3. HP: 29/29 MP: 3/3
   894 | D:2      | Noticed Natasha
   991 | D:2      | Killed Natasha
   992 | D:2      | Reached skill level 4 in Axes
   992 | D:2      | Reached XP level 4. HP: 27/35 MP: 4/4
  1232 | D:2      | Noticed Natasha
  1248 | D:2      | Killed Natasha
  1357 | D:2      | Noticed Natasha
  1365 | D:2      | Killed Natasha
  1366 | D:2      | Reached skill level 5 in Axes
  1366 | D:2      | Reached XP level 5. HP: 21/41 MP: 5/5
  2857 | D:3      | Found a bloodstained altar of Trog.
  2955 | D:3      | Found a glowing silver altar of Zin.
  3139 | D:4      | Reached XP level 6. HP: 27/47 MP: 6/6
  3396 | D:4      | Reached skill level 6 in Axes
  3625 | D:4      | Found a stormy altar of Qazlal.
  4071 | D:4      | Noticed an ogre
  4073 | D:4      | Killed an ogre
  4074 | D:4      | Reached skill level 7 in Axes
  4074 | D:4      | Reached XP level 7. HP: 52/52 MP: 7/7
  4279 | D:4      | Found a burning altar of Makhleb.
  4361 | D:4      | Became a worshipper of Makhleb the Destroyer
  4795 | D:5      | Entered Level 5 of the Dungeon
  4819 | D:5      | Noticed Edmund
  4829 | D:4      | Mangled by an ogre

Illustrated notes

Levels and vault maps discovered:
D:1:      elethiomel_arrival_infinity_welcomes_careful_drivers, layout_basic,
          due_unseen_surprise
D:2:      layout_basic, minmay_pentomino_z4, uniq_natasha
D:3:      layout_basic, general_overflow_altar, zin_treasury,
          minmay_misc_feat_chi, kennysheep_generic_room_3
D:4:      layout_basic, makhleb_grotto_becter, hangedman_decor_lopped,
          grunt_qazlal_clouds
D:5:      layout_loops_ring, gammafunk_ghost_stat_death, uniq_edmund

Skill      XL: |  1  2  3  4  5  6 |
---------------+-------------------+-----
Axes           | 3 4 5 7 |  7.5
Fighting       | |  3.2
Armour         | |  3.2
Shields        | |  3.6

Action                   |  1- 3 |  4- 6 |  7- 9 || total
-------------------------+-------+-------+-------++-------
Melee: War axe           |    69 |   127 |       ||   196
       Hand axe          |       |    51 |    38 ||    89
Throw: Stone             |       |     3 |       ||     3
Evoke: Wand              |       |     3 |     1 ||     4
  Use: Scroll            |     5 |     6 |     2 ||    13
       Potion            |       |     3 |       ||     3
Armor: Scale mail        |    49 |       |       ||    49
       Ring mail         |       |    65 |     8 ||    73
       Skin              |       |     5 |       ||     5
Dodge: Dodged            |    45 |    77 |    10 ||   132
Block: Buckler           |       |    26 |     3 ||    29

Table legend: (Time is in decaauts)
 A = Elapsed time spent in this place.
 B = Non-inter-level travel time spent in this place.
 C = Inter-level travel time spent in this place.
 D = Time resting spent in this place.
 E = Time spent auto-exploring this place.
 F = Levels seen in this place.
 G = Mean time per level.
                   A        B        C        D        E       F      G
               +--------+--------+--------+--------+--------+-----+--------+
         Total |   4880 |   4768 |    112 |   1406 |   2550 |   5 |  976.0 |
       Dungeon |   4880 |   4768 |    112 |   1406 |   2550 |   5 |  976.0 |
               +--------+--------+--------+--------+--------+-----+--------+

Top non-repeatable levels by time:
     D:4: 1686 daAuts
     D:2: 1498 daAuts
     D:1: 949 daAuts
     D:3: 715 daAuts
     D:5: 30 daAuts
